 Dungeon Crawl Stone Soup version 0.28.0-45-g0d030f2227 (webtiles) character file.

Game seed: 5939072371323931639

14416 mcbry74 the Fighter (level 11, -7/101 HPs)
             Began as a Minotaur Berserker on Apr 29, 2022.
             Was an Elder of Trog.
             Mangled by Erolcha
             ... wielding a +0 giant spiked club
              (20 damage)
             ... on level 10 of the Dungeon on Apr 30, 2022.
             The game lasted 01:03:32 (11444 turns).

mcbry74 the Fighter (Minotaur Berserker)           Turns: 11444, Time: 01:03:32

Health: -7/101     AC: 12    Str: 21    XL:     11   Next: 88%
Magic:  10/10      EV: 17    Int:  9    God:    Trog [****..]
Gold:   645        SH: 16    Dex: 16    Spells: 10/10 levels left

rFire   . . .      SeeInvis .   y - +9 whip "Qyust" {vorpal, rC++ rN+ Dex+3}
rCold   + + +      Faith    .   n - +5 kite shield of Ydghagov {Regen+ Int+3}
rNeg    + + .      Spirit   .   F - +2 scale mail {rC+}
rPois   .          Reflect  .   (helmet restricted)
rElec   .          Harm     .   G - scarf {repulsion}
rCorr   .          Rampage  .   U - +0 pair of gloves
Will    ++...                   (no boots)
Stlth   ..........              (no amulet)
HPRegen 2.06/turn               B - +4 ring of evasion
MPRegen 0.12/turn               z - ring of positive energy

@: about to teleport, strong-willed, regenerating, studying 2 skills, repel
missiles
A: horns 2, retaliatory headbutt
a: Renounce Religion, Berserk, Trog's Hand, Brothers in Arms


You were on level 10 of the Dungeon.
You worshipped Trog.
Trog was greatly pleased with you.
You visited 1 branch of the dungeon, and saw 10 of its levels.
You also visited: Bailey.

You collected 645 gold pieces.

Inventory:

Hand Weapons
 a - a +0 hand axe
 i - a +0 flail of holy wrath
 l - a +0 glaive
 s - the +8 frozen axe "Frostbite" {freezing cloud, *Noise Fly rC+}
   (You found it in a bailey)

   It freezes those it strikes, dealing additional cold damage.
   It can also slow down cold-blooded creatures.
   It occasionally leaves clouds of freezing vapour upon striking a foe.
   It grants immunity to clouds of freezing vapour.
   rC:        It protects you from cold.
   Fly:       It grants you flight.
   *Noise:    It may make noises in combat.
 v - a +0 war axe
 w - a +4 vorpal great mace
 y - the +9 whip "Qyust" (weapon) {vorpal, rC++ rN+ Dex+3}
   (You found it on level 3 of the Dungeon)

   It inflicts extra damage upon your enemies.
   Dex:       It affects your dexterity (+3).
   rC:        It greatly protects you from cold.
   rN:        It protects you from negative energy.
 P - a +1 broad axe of venom
Missiles
 c - 27 javelins (quivered)
 g - 423 stones
 D - 12 curare-tipped darts
 E - 3 boomerangs
 H - 28 poisoned darts
 W - a throwing net
Armour
 b - a +0 animal skin
 d - a +0 plate armour
 j - the +2 robe "Ihacuur" {Dex+2 Stlth+ Archmagi}
   (You found it on level 2 of the Dungeon)

   Dex:       It affects your dexterity (+2).
   Archmagi:  It increases the power of your magical spells.
   Stlth:     It makes you more stealthy.
 n - the +5 kite shield of Ydghagov (worn) {Regen+ Int+3}
   (You acquired it on level 6 of the Dungeon)

   Int:       It affects your intelligence (+3).
   Regen:     It increases your rate of health regeneration.
 p - a +2 robe of positive energy
 q - a scarf of invisibility
 r - a +1 robe of resistance
 u - a +0 scale mail
 F - a +2 scale mail of cold resistance (worn)
 G - a scarf of repulsion (worn)
 N - a scarf of invisibility
 S - +0 steam dragon scales
 U - a +0 pair of gloves (worn)
Jewellery
 m - a ring of protection from cold
 x - an amulet of magic regeneration
 z - a ring of positive energy (right hand)
 B - a +4 ring of evasion (left hand)
 Q - a +6 ring of intelligence
 R - a ring of flight
Wands
 A - a wand of flame (48)
 I - a wand of mindburst (15)
 M - a wand of charming (6)
 X - a wand of polymorph (6)
 Y - a wand of paralysis (5)
Scrolls
 f - 4 scrolls of vulnerability
 h - 5 scrolls of enchant armour
 t - 3 scrolls of blinking
 C - 2 scrolls of fear
 L - 2 scrolls of fog
 V - a scroll of magic mapping
Potions
 k - 3 potions of lignification {unknown}
 o - 4 potions of attraction {unknown}
 J - a potion of resistance {unknown}
 K - 4 potions of curing
 O - a potion of invisibility
 T - a potion of might


   Skills:
 + Level 10.6 Fighting
 + Level 9.1(10.0) Axes
 - Level 6.4(8.7) Maces & Flails
 + Level 8.4 Throwing
 + Level 9.5 Armour
 + Level 8.8 Dodging
 + Level 9.3 Shields
 + Level 6.7 Evocations


You had 10 spell levels left.
You didn't know any spells.
Your spell library was empty.

Dungeon Overview and Level Annotations

Branches:
Dungeon (10/15)            Temple (0/1) D:4          Bailey (visited)
   Lair: D:8-11         Orc: D:9-12

Altars:
Cheibriados
Dithmenos
Makhleb
Nemelex Xobeh
Qazlal
Sif Muna

Annotations:
D:10 Erolcha


Innate Abilities, Weirdness & Mutations

You have a pair of horns on your head.
You reflexively headbutt those who attack you in melee.


Message History

You hit something.
You hear some strange, mumbled words.
An orc warrior, 2 orcs and a gnoll come into view.
An orc is wielding a +2 vorpal hand axe.
The orc warrior shouts!
The orc shouts! x2; You hear a shout! x3
The orc warrior moves out of view.
You hear a shout!
Something hits you!
You whack something! You closely miss something. Something hits you!
You hit something.
You hear some strange, mumbled words.
Something tries to affect you, but you resist.
You hit something. You headbutt something. You block something's attack.
You barely miss something. Something barely misses you.
You hit something but do no damage. You hit something. Something hits you!!
You block the orc's attack.
You hit something. Something barely misses you. You block the orc's attack.
Your ogre goes berserk!
Trog will no longer gift you weapons. Something barely misses you.
You block the orc's attack.
You hit something. You headbutt something. Something hits you!!
Your ogre closely misses something.
You hit something. You block the orc's attack.
Your ogre rages.
Your ogre barely misses something.
Something hits you!!
* * * LOW HITPOINT WARNING * * *
You hear a shout!
As you read the scroll of teleportation, it crumbles to dust.
You feel strangely unstable.
You hear a shout! x4
The orc hits you but does no damage.
Your ogre barely misses something.
You hear some strange, mumbled words.
Something tries to affect you, but you resist.
You swap places.
The orc hits your ogre with a +0 club.
Your ogre hits the orc with a +0 giant spiked club!!!
The orc dies!
Trog accepts your kill. Something hits you!!
You die...

#..........>.##
#.......#...##
.#######.......#####
...............#
.#######.......#
#.......# #.......#
#.......# ###@{####
##O# #)# #o#
#o.....o. #........
##.....o. #...#g.
#8##


8 You could see an orc warrior, an orc and a friendly ogre (summoned, berserk).

Vanquished Creatures
  A two-headed ogre (D:7)
  A deep elf pyromancer (D:8)
  A manticore (D:8)
  A troll (D:8)
  A hornet (D:9)
  A slime creature (D:7)
  Sigmund (D:4)
  6 yaks (D:8)
  Eustachio (D:6)
  3 steam dragons
  3 water moccasins
  3 black bears
  11 orc warriors
  2 sky beasts
  3 ice beasts
  3 necrophages
  4 ogres
  11 centaurs
  2 phantoms
  2 kobold brigands
  2 bullfrogs
  3 wyvern zombies
  2 scorpions
  A wyvern skeleton (D:3)
  A water moccasin skeleton (D:3)
  18 killer bees
  11 wights
  3 electric eels (D:6)
  A bullfrog zombie (D:6)
  A gnoll shaman (D:9)
  4 centaur zombies
  4 hounds
  4 orc priests
  An iguana (D:6)
  Jessica (D:2)
  2 centaur skeletons
  Ijyb (D:4)
  A scorpion zombie (D:5)
  7 orc wizards
  Terence (D:3)
  Robin (D:2)
  6 adders
  8 gnolls
  2 shadow imps
  An ufetubus (D:6)
  2 worms
  2 dart slugs
  48 orcs
  6 ball pythons
  6 endoplasms
  3 giant cockroaches
  18 goblins
  8 hobgoblins
  7 jackals
  5 quokkas
  6 bats
  5 frilled lizards
  11 kobolds
  23 rats
298 creatures vanquished.

Vanquished Creatures (collateral kills)
  An orc (D:10)
1 creature vanquished.

Vanquished Creatures (others)
  A centaur (Bailey)
  An orc (Bailey)
  10 plants (D:6)
12 creatures vanquished.

Grand Total: 311 creatures vanquished

Notes
Turn   | Place    | Note
-------+----------+-------------------------------------------
     0 | D:1      | mcbry74 the Minotaur Berserker began the quest for the Orb.
     0 | D:1      | Reached XP level 1. HP: 19/19 MP: 0/0
   145 | D:1      | Found a faded altar of an unknown god.
   314 | D:1      | Reached XP level 2. HP: 26/26 MP: 1/1
   466 | D:1      | Reached skill level 1 in Throwing
   754 | D:2      | Identified the +2 robe "Ihacuur" {Dex+2 Stlth+ Archmagi}
   913 | D:2      | Reached XP level 3. HP: 31/31 MP: 2/2
   923 | D:2      | Noticed Robin
   943 | D:2      | Killed Robin
   949 | D:2      | Reached ** piety under Trog
   961 | D:2      | Reached skill level 5 in Axes
  1165 | D:2      | Noticed Jessica
  1167 | D:2      | Killed Jessica
  1168 | D:2      | Reached XP level 4. HP: 39/39 MP: 3/3
  1728 | D:3      | Noticed Terence
  1734 | D:3      | Killed Terence
  1851 | D:3      | Reached XP level 5. HP: 36/45 MP: 4/4
  2378 | D:3      | Reached XP level 6. HP: 44/51 MP: 5/5
  2492 | D:3      | Reached *** piety under Trog
  2499 | D:3      | Identified the +9 whip "Qyust" {vorpal, rC++ rN+ Dex+3}
  2898 | D:4      | Noticed Sigmund
  2913 | D:4      | Killed Sigmund
  2914 | D:4      | Reached skill level 1 in Maces & Flails
  2951 | D:4      | Reached XP level 7. HP: 57/57 MP: 6/6
  2963 | D:4      | Reached skill level 1 in Evocations
  3254 | D:4      | Found a burning altar of Makhleb.
  3263 | D:4      | Found a snail-covered altar of Cheibriados.
  3365 | D:4      | Noticed Ijyb
  3379 | D:4      | Killed Ijyb
  3429 | D:4      | Found a staircase to the Ecumenical Temple.
  3662 | D:5      | Entered Level 5 of the Dungeon
  3755 | D:5      | Found a shimmering blue altar of Sif Muna.
  4007 | D:5      | Reached XP level 8. HP: 63/64 MP: 7/7
  4594 | D:5      | Reached skill level 5 in Armour
  4686 | D:6      | Reached skill level 5 in Throwing
  4686 | D:6      | Reached **** piety under Trog
  4687 | D:6      | Reached skill level 5 in Dodging
  5153 | D:6      | Reached XP level 9. HP: 12/70 MP: 8/8
  5155 | D:6      | Reached skill level 5 in Maces & Flails
  5487 | D:6      | Found a sparkling altar of Nemelex Xobeh.
  5698 | D:6      | Noticed Eustachio
  5704 | D:6      | Killed Eustachio
  5976 | D:6      | Identified 2 scrolls of acquirement
  5977 | D:6      | Acquired a manual of Fighting
  5979 | D:6      | Acquired the +5 kite shield of Ydghagov {Regen+ Int+3}
  6512 | D:6      | Reached skill level 4 in Fighting
  6721 | D:7      | Found a flagged portal.
  6741 | Bailey   | Entered a bailey
  6768 | Bailey   | Reached skill level 1 in Shields
  7031 | Bailey   | Reached skill level 5 in Fighting
  7366 | Bailey   | Found the +8 frozen axe "Frostbite" {freezing cloud, *Noise
                  | Fly rC+}
  7663 | Bailey   | Reached XP level 10. HP: 83/83 MP: 9/9
  7919 | Bailey   | Reached skill level 8 in Fighting
  7919 | Bailey   | Reached skill level 5 in Evocations
  7919 | Bailey   | Reached XP level 11. HP: 95/95 MP: 10/10
  8193 | D:7      | Reached skill level 9 in Fighting
  9272 | D:8      | Found a shadowy altar of Dithmenos.
  9989 | D:8      | Reached ***** piety under Trog
 10167 | D:8      | Noticed a two-headed ogre
 10211 | D:7      | Killed a two-headed ogre
 10212 | D:7      | Reached skill level 10 in Fighting
 10369 | D:8      | Noticed a deep elf pyromancer
 10381 | D:8      | Killed a deep elf pyromancer
 10585 | D:9      | Received a gift from Trog
 10726 | D:9      | Paralysed by a hornet for 2 turns
 11044 | D:9      | Found a stormy altar of Qazlal.
 11370 | D:10     | Entered Level 10 of the Dungeon
 11421 | D:10     | Noticed Erolcha
 11444 | D:10     | Mangled by Erolcha

Illustrated notes

Levels and vault maps discovered:
D:1:      amcnicky_arrival_underground_garden, layout_rooms,
          basic_ecumenical_altar
D:2:      layout_basic, minmay_misc_feat_square, serial_park_tiny_1,
          minmay_tiny_reverse_x, uniq_robin, uniq_jessica
D:3:      layout_loops_ring, serial_glass, glass_columns_b, glass_columns_b,
          nrook_loot_triangle, minmay_rat_hole, uniq_terence
D:4:      layout_loops_ring, mainiacjoe_overflow_swirl,
          minmay_temple_entry_glassed_door, corexii_checkpoint_a, uniq_ijyb,
          uniq_sigmund
D:5:      layout_basic, mainiacjoe_overflow_24_doors, minmay_misc_feat_ornament
D:6:      layout_basic, nemelex_xobeh_ov_fountains_minmay,
          grunt_decor_mini_mirrors, serial_bayou_ford_a, minmay_circle_x,
          uniq_eustachio
D:7:      minmay_opposing_rooms, layout_basic, lightli_bailey_entry_fortress,
          chequers_serial_rivers_micro_a, st_stairs_1
D:8:      layout_basic, nicolae_dithmenos_shadow_blocks,
          minmay_misc_feat_nine_boxes, minmay_three_doors
D:9:      layout_irregular_city, grunt_qazlal_clouds, eino_jars
D:10:     layout_rooms, david_orc_4, serial_corexii_hall,
          corexii_hall_statues_l, corexii_hall_statues_t, serial_shops,
          nicolae_shop_behind_doors, uniq_maggie, uniq_harold, uniq_erica,
          uniq_erolcha

Skill      XL: |  1  2  3  4  5  6  7  8  9 10 11 |
---------------+----------------------------------+-----
Axes           | 4 5 6 8 9 |  9.1
Throwing       | 1 2 3 4 5 6 7 8 |  8.4
Armour         | 3 4 6 7 8 9 |  9.5
Dodging        | 3 4 5 6 7 8 |  8.8
Maces & Flails | 1 3 4 6 |  6.4
Evocations     | 2 3 4 5 6 |  6.7
Fighting       | 5 8 10 | 10.6
Shields        | 3 7 9 |  9.3

Action                   |  1- 3 |  4- 6 |  7- 9 | 10-12 || total
-------------------------+-------+-------+-------+-------++-------
Melee: Hand axe          |    76 |    53 |       |       ||   129
       Headbutt          |    12 |    16 |    42 |    49 ||   119
       Punch             |     1 |     1 |     2 |       ||     4
       War axe           |       |    29 |       |       ||    29
       Whip              |       |    33 |   217 |   140 ||   390
       Glaive            |       |       |    10 |       ||    10
       Executioner's axe |       |       |       |    87 ||    87
       Broad axe         |       |       |       |    35 ||    35
Throw: Boomerang         |    31 |    36 |    40 |    12 ||   119
       Stone             |       |     2 |    14 |       ||    16
       Dart              |       |       |    18 |       ||    18
       Javelin           |       |       |     1 |     6 ||     7
Invok: Trog's Hand       |       |     2 |     3 |     4 ||     9
       Berserk           |       |       |     1 |       ||     1
       Brothers in Arms  |       |       |       |     1 ||     1
Evoke: Wand              |       |       |    13 |     1 ||    14
  Use: Scroll            |       |       |    11 |     8 ||    19
       Potion            |       |       |     1 |     1 ||     2
 Stab: Sleeping          |       |     1 |       |       ||     1
Armor: Animal skin       |     8 |       |       |       ||     8
       Robe              |    10 |     3 |       |       ||    13
       Scale mail        |       |    33 |    64 |    76 ||   173
Dodge: Dodged            |    40 |    52 |   146 |   170 ||   408
       Repelled          |       |       |     2 |     1 ||     3
Block: Kite shield       |       |       |   129 |   133 ||   262
